 Dungeon Crawl Stone Soup version 0.25-a0-166-g16436c4407 (webtiles) character file.

Game seed: 7711377924416422658, levelgen mode: classic

505191 EnegeticOcto the Sorcerer (level 24, -6/154 HPs)
             Began as a Deep Elf Earth Elementalist on Nov 16, 2019.
             Was the Champion of Vehumet.
             Splashed by a caustic shrike's acid (9 damage)
             ... on level 5 of the Depths on Nov 24, 2019.
             The game lasted 02:37:46 (77983 turns).

EnegeticOcto the Sorcerer (DEEE)                   Turns: 77983, Time: 02:37:46

Health: -6/154     AC: -1    Str: 11    XL:     24   Next: 14%
Magic:  16/54      EV: 19    Int: 39    God:    Vehumet [******]
Gold:   4169       SH: 11    Dex: 15    Spells: 12/74 levels left

rFire    + + +     SeeInvis +   a - staff of air
rCold    + . .     Gourm    .   F - +3 buckler {rC+ rF+}
rNeg     . . .     Faith    .   h - +1 ring mail of Claustrophobia {*Contam Str+4 Int+2 SInv}
rPois    +         Spirit   .   C - +2 hat
rElec    +         Reflect  +   n - +0 cloak
rCorr    .         Harm     .   y - +0 pair of gloves of Articulation {Str+2}
MR       +++..                  c - +2 pair of boots of the Assassin {Detection Stab+ Stlth++}
Stlth    ++++......             N - +3 amulet of reflection
HPRegen  0.35/turn              U - ring of Goloti {rPois MR+}
MPRegen  0.34/turn              r - ring of the Black Skies {rF++ Int+4}

@: tornado, corroded, flying (expiring), studying Charms
A: no striking features
}: 2/15 runes: serpentine, barnacled
a: Renounce Religion


You were on level 5 of the Depths.
You worshipped Vehumet.
Vehumet was exalted by your worship.
You were not hungry.

You visited 8 branches of the dungeon, and saw 43 of its levels.

You collected 6115 gold pieces.
You spent 1946 gold pieces at shops.

Inventory:

Hand Weapons
 K - a +1 dagger of distortion
Missiles
 J - 5 throwing nets (quivered) {!f}
 Q - 18 curare-tipped darts
Armour
 c - the +2 pair of boots of the Assassin (worn) {Detection Stab+ Stlth++}
   (You acquired it on level 2 of the Depths)

   It makes you much more stealthy.
 h - the +1 ring mail of Claustrophobia (worn) {*Contam Str+4 Int+2 SInv}
   (You bought it in a shop on level 2 of the Orcish Mines)

   It affects your strength (+4).
   It affects your intelligence (+2).
   It lets you see invisible.
   It causes magical contamination when unequipped.
 n - a +0 cloak (worn)
 y - the +0 pair of gloves of Articulation (worn) {Str+2}
   (You found it on level 1 of the Vaults)

   It affects your strength (+2).
 C - a +2 hat (worn)
 F - a +3 buckler of resistance (worn)
Magical Staves
 a - an uncursed staff of air (weapon)
 l - an uncursed staff of fire
Jewellery
 p - an uncursed ring of protection from cold
 r - the ring of the Black Skies (right hand) {rF++ Int+4}
   (You found it on level 2 of the Lair of Beasts)

   [ring of intelligence]

   It affects your intelligence (+4).
   It greatly protects you from fire.
 N - a +3 amulet of reflection (around neck)
 U - the ring of Goloti (left hand) {rPois MR+}
   (You found it on level 6 of the Lair of Beasts)

   [ring of protection from magic]

   It protects you from poison.
   It affects your resistance to hostile enchantments.
 W - the ring "Cas Couf" {AC+6 Dex+4}
   (You found it on level 4 of the Depths)

   [ring of protection]

   It affects your AC (+6).
   It affects your dexterity (+4).
Wands
 b - a wand of acid (13)
 t - a wand of iceblast (20)
 A - a wand of scattershot (12)
 I - a wand of digging (32)
 S - a wand of clouds (3)
 X - a wand of enslavement (26)
Scrolls
 i - 2 scrolls of silence
 m - 4 scrolls of enchant armour
 q - 6 scrolls of fear {!r}
 s - 8 scrolls of magic mapping {@r5 !r}
 D - 4 scrolls of fog {!r}
 G - 10 scrolls of teleportation {@r3 !r}
 L - 9 scrolls of remove curse {@r2}
 V - a scroll of holy word
Potions
 f - 3 potions of magic
 g - 17 potions of curing {@q1 !q}
 j - 4 potions of might {@q3 !q}
 k - 8 potions of haste {@q4 !q}
 o - 3 potions of cancellation
 u - 7 potions of agility {@q5 !q}
 v - 3 potions of flight
 w - 6 potions of heal wounds {@q2 !q}
 z - 2 potions of invisibility
 B - 3 potions of brilliance
 E - 3 potions of mutation
 H - 2 potions of resistance
 M - a potion of ambrosia
 P - 5 potions of lignification {@q6}
 R - 2 potions of berserk rage
 T - a potion of experience
Books
 x - a manual of Charms
Miscellaneous
 O - a phantom mirror
Comestibles
 e - 49 rations


   Skills:
 + Level 16.4 Fighting
 - Level 4.0 Armour
 + Level 14.2 Dodging
 - Level 3.4 Stealth
 - Level 4.0 Shields
 + Level 25.9 Spellcasting
 - Level 15.2 Conjurations
 - Level 8.0 Charms
 - Level 5.0 Summonings
 - Level 3.0 Translocations
 - Level 1.1 Transmutations
 - Level 14.5 Fire Magic
 + Level 22.0 Air Magic
 - Level 10.2 Earth Magic
 - Level 3.1 Poison Magic
 - Level 4.1 Evocations


You had 12 spell levels left.
You knew the following spells:

 Your Spells              Type           Power        Failure   Level  Hunger
a - Iron Shot             Conj/Erth      ########..   1%          6    None
b - Fireball              Conj/Fire      ########..   1%          5    None
c - Lee's Rapid Deconstr  Erth           #######...   1%          5    None
d - Orb of Destruction    Conj           ########..   1%          7    None
e - Call Imp              Summ           ######..     1%          2    None
f - Mephitic Cloud        Conj/Pois/Air  ########     0%          3    None
g - Swiftness             Chrm/Air       ########     0%          2    None
h - Apportation           Tloc           ######       1%          1    None
i - Irradiate             Conj/Tmut      #######...   1%          5    None
j - Deflect Missiles      Chrm/Air       ########..   1%          6    None
k - Tornado               Air            ########..   2%          9    None
l - Summon Lightning Spi  Summ/Air       ########     1%          4    None
p - Passwall              Tmut/Erth      #######.     1%          2    None
T - Regeneration          Chrm/Necr      ######....   1%          3    None
Y - Blink                 Tloc           N/A          1%          2    None

Your spell library contained the following spells:

 Spells                   Type           Power        Failure   Level  Hunger
 Fire Storm               Conj/Fire      ########..   41%         9    None
 Glaciate                 Conj/Ice       #######...   100%        9    None
 Flame Tongue             Conj/Fire      #####        0%          1    None
 Magic Dart               Conj           ####         0%          1    None
 Sandblast                Erth           ######       0%          1    None
 Shock                    Conj/Air       ####         0%          1    None
 Sting                    Conj/Pois      ####         0%          1    None
 Poisonous Vapours        Pois/Air       ######       0%          2    None
 Throw Flame              Conj/Fire      ######       0%          2    None
 Conjure Flame            Conj/Fire      ########     0%          3    None
 Static Discharge         Conj/Air       ########     0%          3    None
 Stone Arrow              Conj/Erth      ######       0%          3    None
 Airstrike                Air            ########..   0%          4    None
 Sticky Flame             Conj/Fire      ########     0%          4    None
 Lightning Bolt           Conj/Air       ########..   0%          5    None
 Animate Skeleton         Necr           N/A          1%          1    None
 Beastly Appendage        Tmut           ######       1%          1    None
 Confusing Touch          Hex            ######       1%          1    None
 Corona                   Hex            ######.      1%          1    None
 Freeze                   Ice            ####         1%          1    None
 Pain                     Necr           ####         1%          1    None
 Summon Small Mammal      Summ           ####         1%          1    None
 Ensorcelled Hibernation  Hex/Ice        ######       1%          2    None
 Shroud of Golubria       Chrm/Tloc      ######       1%          2    None
 Slow                     Hex            ######..     1%          2    None
 Sticks to Snakes         Tmut           ######..     1%          2    None
 Throw Frost              Conj/Ice       ######       1%          2    None
 Dazzling Spray           Conj/Hex       ######       1%          3    None
 Gell's Gravitas          Tloc           ######....   1%          3    None
 Ignite Poison            Fire/Tmut/Pois #######.     1%          3    None
 Inner Flame              Hex/Fire       #######.     1%          3    None
 Lesser Beckoning         Tloc           ######....   1%          3    None
 Ozocubu's Armour         Chrm/Ice       ######..     1%          3    None
 Portal Projectile        Hex/Tloc       ######       1%          3    None
 Spider Form              Tmut/Pois      ######....   1%          3    None
 Teleport Other           Tloc           ######..     1%          3    None
 Force Lance              Conj/Tloc      #######.     1%          4    None
 Leda's Liquefaction      Hex/Erth       ######....   1%          4    None
 Olgreb's Toxic Radiance  Pois           ######..     1%          4    None
 Petrify                  Tmut/Erth      #######.     1%          4    None
 Throw Icicle             Conj/Ice       #######.     1%          4    None
 Bolt of Magma            Conj/Fire/Erth ########..   1%          5    None
 Silence                  Hex/Air        ########..   1%          5    None
 Venom Bolt               Conj/Pois      #######...   1%          5    None
 Bolt of Cold             Conj/Ice       #######...   1%          6    None
 Bolt of Fire             Conj/Fire      ########..   1%          6    None
 Conjure Ball Lightning   Conj/Air       ########..   1%          6    None
 Freezing Cloud           Conj/Ice/Air   ########..   1%          6    None
 Confuse                  Hex            ######..     2%          3    None
 Tukima's Dance           Hex            ######..     2%          3    None
 Vampiric Draining        Necr           ######....   2%          3    None
 Passage of Golubria      Tloc           N/A          2%          4    None
 Borgnjor's Vile Clutch   Necr/Erth      ######....   2%          5    None
 Summon Ice Beast         Ice/Summ       ######..     3%          4    None
 Yara's Violent Unravell  Hex/Tmut       ######....   5%          5    None
 Ice Form                 Ice/Tmut       ######..     7%          4    None
 Animate Dead             Necr           N/A          9%          4    None
 Cause Fear               Hex            ######....   9%          4    None
 Statue Form              Tmut/Erth      #######..    13%         6    None
 Blade Hands              Tmut           ######....   14%         5    None
 Shadow Creatures         Summ           N/A          16%         6    None
 Metabolic Englaciation   Hex/Ice        ######....   24%         5    None
 Ozocubu's Refrigeration  Ice            ######....   32%         6    None
 Dispersal                Tloc           ######....   36%         6    None
 Darkness                 Hex            ######....   78%         6    None
 Simulacrum               Ice/Necr       ######....   78%         6    None
 Shatter                  Erth           #######...   95%         9    None
 Dragon Form              Tmut           ######....   99%         7    None
 Controlled Blink         Tloc           N/A          100%        8    None
 Discord                  Hex            ######....   100%        8    None
 Disjunction              Tloc           ######....   100%        8    None


Dungeon Overview and Level Annotations

Branches:
Dungeon (15/15)            Temple (0/1) D:5            Lair (6/6) D:9
 Shoals (4/4) Lair:3        Snake (4/4) Lair:2        Slime (0/5) Lair:5
    Orc (2/2) D:12            Elf (3/3) Orc:2        Vaults (4/5) D:14
  Crypt (0/3) Vaults:3     Depths (5/5) D:15
    Zot: Depths:5

Altars:
Ashenzari
Cheibriados
Dithmenos
Elyvilon
Fedhas
Gozag
Kikubaaqudgha
Nemelex Xobeh
Okawaru
Qazlal
Ru
Sif Muna
Trog
Uskayaw
Vehumet
Xom
Yredelemnul
Zin

Shops:
D:3 *   D:6 !   D:14 }   Orc:2 ::([   Elf:1 *[   Elf:3 ?   Vaults:1 [
Vaults:3 =   Vaults:4 %

Portals:
Hell: Depths:1 Depths:2 Depths:4 Depths:5
Abyss: Depths:1 Depths:2 Depths:4
Pandemonium: Depths:3
Ziggurat: Depths:2
Trove: D:12 (give 14 scrolls of teleportation)

Annotations:
D:6 2 runed translucent doors
D:12 exclusion: oklob plant
D:13 1 runed translucent door, Mirut's ghost, journeyman HOBe
Shoals:3 exclusion: downstairs
Snake:2 1 runed translucent door
Elf:2 3 runed translucent doors
Depths:1 2 runed translucent doors, Quigu Zupne's ghost, journeyman SpBe


Message History

You hear an angry buzzing noise.
You hear a roar!
You hear an angry buzzing noise.
Your red very ugly thing misses the caustic shrike.
Casting: Fireball (safe; 1% risk of failure)
Confirm with . or Enter, or press ? or * to list all spells.
Aiming: Lee's Rapid Deconstruction (safe; 1% risk of failure)
Press: ? - help, Dir - move target cursor A rock wall.
The wall shatters!
The blast of rock fragments hits the caustic shrike!
The caustic shrike is almost dead.
The blast of rock fragments hits the caustic shrike!!
The caustic shrike is moderately wounded.
You hear a deafening roar!
The caustic shrike misses your red very ugly thing.
The caustic shrike claws your fire dragon!!
Your fire dragon is splashed with acid.
The acid corrodes your fire dragon!
The caustic shrike claws your red very ugly thing!!
Your red very ugly thing is splashed with acid.
The acid corrodes your red very ugly thing!
Your fire dragon closely misses the caustic shrike.
Your fire dragon claws the caustic shrike but does no damage.
Your fire dragon closely misses the caustic shrike.
Your red very ugly thing gores the caustic shrike!
A caustic shrike comes into view.
Casting: Lee's Rapid Deconstruction (safe; 1% risk of failure)
Confirm with . or Enter, or press ? or * to list all spells.
Aiming: Orb of Destruction (safe; 1% risk of failure)
Press: ? - help, Shift-Dir - straight line, f - caustic shrike
Aim: a caustic shrike The caustic shrike claws your fire dragon!
Your fire dragon is splashed with acid.
Your fire dragon seems to be corroded for longer.
The caustic shrike claws your red very ugly thing!!
Your red very ugly thing is splashed with acid.
Your red very ugly thing seems to be corroded for longer.
The caustic shrike claws your fire dragon!
Your fire dragon is splashed with acid.
The caustic shrike claws your red very ugly thing!!
Your red very ugly thing is splashed with acid.
Your red very ugly thing seems to be corroded for longer.
Your red very ugly thing closely misses the caustic shrike.
Your fire dragon bites the caustic shrike but does no damage.
Your fire dragon closely misses the caustic shrike.
Your fire dragon tramples the caustic shrike.
The caustic shrike is shoved backwards!
The orb of destruction hits the caustic shrike!!!
The caustic shrike is heavily wounded.
The caustic shrike claws your fire dragon!!
Your fire dragon dies!
Your fire dragon's corpse dissolves into shadows!
The caustic shrike claws your red very ugly thing!!
Your red very ugly thing is splashed with acid.
Your red very ugly thing seems to be corroded for longer.
Your red very ugly thing punches the caustic shrike!
Your red very ugly thing gores the caustic shrike but does no damage.
The caustic shrike claws your red very ugly thing.
Your red very ugly thing dies!
Your red very ugly thing's corpse dissolves into shadows!
The caustic shrike claws your red very ugly thing.
Your red very ugly thing is splashed with acid.
The acid corrodes your red very ugly thing!
The caustic shrike closely misses your red very ugly thing.
You block the caustic shrike's attack.
Your red very ugly thing punches the caustic shrike!
The caustic shrike is covered in liquid flames.
The caustic shrike is covered in liquid flames!
Casting: Orb of Destruction (safe; 1% risk of failure)
Confirm with . or Enter, or press ? or * to list all spells.
You feel a surge of power!
There are friendlies around, are you sure you want to hurt them?
A great vortex of raging winds appears and lifts you up.
The caustic shrike burns!
The caustic shrike claws you! The acid corrodes you!
You are splashed with acid!
The caustic shrike claws you!! The acid corrodes you!
You are splashed with acid!
The caustic shrike claws you!! The acid corrodes you!
You are splashed with acid!
You kill the caustic shrike!
Vehumet accepts your kill.
You feel your power returning.
Your red very ugly thing dissolves into shadows! x2
The caustic shrike claws you!! The acid corrodes you!
You are splashed with acid!
* * * LOW HITPOINT WARNING * * *
The caustic shrike claws you!!
* * * LOW HITPOINT WARNING * * *
You are splashed with acid!
* * * LOW HITPOINT WARNING * * *
Really quaff
w - 7 potions of heal wounds {@q2 !q}?
You feel much better.
You kill the caustic shrike!
Vehumet accepts your kill.
You feel your power returning.
Your red ugly thing dissolves into shadows!
Your red very ugly thing dissolves into shadows!
The caustic shrike screeches!
You hear a deafening roar!
The caustic shrike barely misses you. The caustic shrike claws you!!
* * * LOW HITPOINT WARNING * * *
You are splashed with acid!
You die...

,,+** #..#..........,,,**
∩,** *,............,,,,*
,,+** *,,#..........,,,,*
*++,** *,,#..........,,,**
**,,,** **,,#§§§§§§§...,,,,*
**,,,**
*,,,#§§§§§§§...,,,,***
**,,,***,,##§§§§§§§...,,,,,,*
**,,,*,,,#§§§§§§§§...,,,,,**
**,,,,,##§§§@§§§§...,,,,**
**.,,,#§§§§b§§§#.##*,,**
**#..,,##§§§§§§§#### *,**
####....,##.§§§§b§§# ***
.......###≈≈§§§§§§§#
.∩...###...<.≈≈§§.##
.#####.....≈.≈§§§.#
.).......≈≈≈..§..###
#.....b.)≈.........#


You could see 2 caustic shrikes.

Vanquished Creatures
  An ancient lich (Depths:4)
  Mennas (Vaults:3)
  2 juggernauts
  Mara (Snake:2)
  Frederick (Depths:4)
  Margery (Vaults:3)
  Vashnia (Snake:3)
  2 caustic shrikes (Depths:5)
  Nikola (Shoals:2)
  2 golden dragons (Depths:4)
  2 bone dragons (Depths:5)
  A tentacled monstrosity (Depths:4)
  A lich (Depths:4)
  Asterion (Elf:3)
  A titan (Depths:4)
  3 deep elf master archers (Elf:3)
  2 deep elf blademasters (Elf:3)
  Gastronok (D:10)
  4 sphinxes
  An ancient champion (Vaults:3)
  4 storm dragons
  Donald (Shoals:1)
  5 shadow dragons
  Agnes (Elf:1)
  Roxanne (Elf:1)
  5 tengu reavers
  11 nagarajas
  10 vault wardens
  5 fire giants
  2 iron dragons
  8 deep elf sorcerers
  Aizul (Snake:3)
  Louise (Snake:3)
  12 frost giants
  4 deep elf elementalists
  A spriggan defender (Depths:4)
  24 very ugly things
  14 stone giants
  9 ironheart preservers
  A war gargoyle (Vaults:2)
  2 green draconians (Depths:5)
  A vampire knight (Depths:4)
  A black draconian (Depths:5)
  3 deep elf annihilators
  A purple draconian (Depths:5)
  A white draconian (Depths:5)
  13 deep elf demonologists
  10 spark wasps
  12 ettins
  An eidolon (Vaults:3)
  9 deep elf death magi
  3 jiangshi (Depths:3)
  3 merfolk impalers
  4 merfolk javelineers
  6 fire dragons
  7 deep elf high priests (Elf:3)
  8 great orbs of eyes
  12 yaktaur captains
  Josephine (D:12)
  6 rakshasas
  5 vault guards
  11 ice dragons
  Harold (D:7)
  5 merfolk avatars
  11 naga warriors
  8 hydras
  2 catoblepae
  13 anacondas
  4 centaur warriors
  Erica (D:8)
  16 dancing weapons
  A merfolk aquamancer (Shoals:2)
  13 deep troll shamans
  3 satyrs
  A death knight (Vaults:3)
  7 ogre magi
  32 two-headed ogres
  5 small abominations
  3 vampire magi
  15 deep troll earth magi
  7 tengu warriors
  3 hell hogs (Depths:2)
  3 orc high priests (Orc:2)
  3 death yaks (Lair:6)
  13 deep elf knights
  10 naga sharpshooters
  3 spriggan berserkers
  Sonja (Lair:5)
  A soul eater (Depths:3)
  4 shock serpents
  4 iron trolls
  9 hell knights
  A spectral anaconda (Depths:3)
  22 skeletal warriors
  3 unseen horrors
  3 death drakes
  An unseen horror (shapeshifter) (D:13)
  4 salamander mystics
  A fire crab (shapeshifter) (D:15)
  A death drake (shapeshifter) (Depths:1)
  13 sea snakes
  4 flayed ghosts
  3 glowing orange brains
  2 orange crystal statues (Depths:3)
  36 deep trolls
  A spectral hydra (Depths:3)
  15 deep elf archers
  4 wizards
  A lindwurm (shapeshifter) (D:14)
  4 naga ritualists
  3 necromancers (Depths:3)
  21 orc knights
  2 harpies (shapeshifter)
  11 ironbrand convokers
  Pikel (D:7)
  4 phantasmal warriors
  19 harpies
  6 orc sorcerers
  50 deep elf magi
  15 fauns
  40 ugly things
  6 mana vipers
  7 salamanders
  4 oklob plants (Lair:5)
  3 wolf spiders
  18 manticores
  2 centaur zombies
  8 cyclopes
  4 guardian serpents
  An elephant (shapeshifter) (D:14)
  A manticore (shapeshifter) (Depths:4)
  8 elephants
  8 merfolk sirens
  12 vault sentinels
  29 black mambas
  A guardian serpent (shapeshifter) (Depths:5)
  7 water nymphs
  2 storm dragon simulacra
  A torpor snail (Lair:6)
  13 naga magi
  10 spiny frogs
  A gargoyle (D:12)
  A spiny frog (shapeshifter) (D:15)
  3 freezing wraiths
  50 yaktaurs
  6 rime drakes
  A rime drake (shapeshifter) (Elf:2)
  An efreet (D:15)
  5 komodo dragons
  2 anaconda simulacra (Depths:3)
  4 spectral merfolk (Depths:3)
  2 polar bears (Lair:6)
  14 trolls
  A troll (shapeshifter) (Depths:2)
  2 queen bees (shapeshifter)
  20 merfolk
  5 tengu conjurers
  A polar bear (shapeshifter) (Elf:2)
  2 meliai (shapeshifter) (Vaults:4)
  2 hornets
  3 meliai (D:15)
  5 wind drakes
  14 blink frogs
  17 slime creatures
  A sphinx simulacrum (Vaults:2)
  A raiju (Depths:3)
  A fire giant simulacrum (Vaults:2)
  8 hippogriffs
  11 snapping turtles
  A stone giant simulacrum (Vaults:2)
  13 dream sheep
  6 air elementals
  3 vampires
  3 shadows
  A redback (shapeshifter) (D:14)
  23 water elementals
  15 wraiths
  3 fire elementals (Elf:1)
  26 yaks
  7 basilisks
  4 hungry ghosts
  3 fire bats (D:4)
  A human (D:14)
  A steam dragon (D:10)
  Grum (D:9)
  3 chaos spawn (Depths:1)
  3 acid dragons
  11 wargs
  Menkaure (D:6)
  40 nagas
  5 large abominations (Depths:1)
  11 water moccasins
  A floating eye (Depths:3)
  15 porcupines
  3 spectral spriggans (Depths:3)
  11 hell hounds
  34 orc warriors
  2 spectral trolls (Depths:3)
  4 ice beasts
  3 sky beasts
  2 black bears
  A hornet zombie (D:13)
  3 eyes of draining
  A phantom (D:14)
  4 boggarts
  20 centaurs
  15 ogres
  15 wolves
  6 crocodiles
  16 bullfrogs
  6 big kobolds
  A wyvern skeleton (D:14)
  3 scorpions (D:6)
  14 killer bees
  3 spectral ogres (Depths:3)
  10 wights
  A howler monkey (D:6)
  3 crimson imps
  5 spectral centaurs (Depths:3)
  A quasit (D:12)
  3 bullfrog zombies
  4 hounds
  2 human simulacra
  2 bullfrog skeletons
  4 centaur skeletons
  3 jellies
  15 orc priests
  5 iguanas
  Natasha (D:4)
  23 orc wizards
  A troll simulacrum (Depths:3)
  9 worker ants
  A spriggan simulacrum (Depths:3)
  A hound zombie (D:5)
  3 worker ant zombies
  A howler monkey skeleton (D:9)
  4 gnolls (D:4)
  12 adders
  A naga simulacrum (Depths:3)
  4 shadow imps
  3 oozes
  2 adder zombies (D:5)
  2 adder skeletons
  3 worms
  2 dart slugs
  4 leopard geckos
  79 orcs
  4 giant cockroaches
  5 hobgoblins
  11 jackals
  2 quokkas
  2 bats
  6 frilled lizards
  A giant cockroach zombie (D:6)
  6 goblins
  20 kobolds
  A leopard gecko zombie (D:5)
  4 rats
  2 butterflies (Depths:1)
  3 crawling corpses (Elf:3)
  24 plants
1765 creatures vanquished.

Vanquished Creatures (collateral kills)
  A fire giant (Depths:3)
  3 large abominations (Depths:1)
  An ugly thing (Depths:4)
  A wyvern (shapeshifter) (Depths:1)
  2 small abominations (Depths:1)
  A fungus (Lair:6)
9 creatures vanquished.

Vanquished Creatures (others)
  2 stone giants
  A centaur warrior (Vaults:2)
  An orc high priest (Orc:2)
  A hell knight (Vaults:3)
  2 fauns
  6 yaktaurs
  2 orc priests (Orc:2)
  2 orc wizards (Orc:2)
  2 orcs
  6 fungi
  18 plants
  4 tentacles (Shoals:4)
47 creatures vanquished.

Grand Total: 1821 creatures vanquished

Notes
Turn   | Place    | Note
-------+----------+-------------------------------------------
     0 | D:1      | EnegeticOcto the Deep Elf Earth Elementalist began the
                  | quest for the Orb.
     0 | D:1      | Reached XP level 1. HP: 10/10 MP: 6/6
   349 | D:1      | Reached XP level 2. HP: 15/15 MP: 3/8
   405 | D:1      | Learned a level 2 spell: Passwall
  1001 | D:2      | Reached skill level 4 in Spellcasting
  1063 | D:2      | Reached XP level 3. HP: 19/19 MP: 10/10
  1216 | D:2      | Learned a level 3 spell: Stone Arrow
  1590 | D:2      | Found a bloodstained altar of Trog.
  1597 | D:2      | Reached XP level 4. HP: 24/24 MP: 10/12
  1598 | D:2      | Found an iron altar of Okawaru.
  1672 | D:2      | Found a sacrificial altar of Ru.
  1795 | D:3      | Reached skill level 5 in Spellcasting
  2327 | D:3      | Found a radiant altar of Vehumet.
  2351 | D:3      | Became a worshipper of Vehumet
  2595 | D:3      | Reached XP level 5. HP: 26/28 MP: 0/14
  2847 | D:3      | Reached skill level 1 in Conjurations
  2911 | D:3      | Found a glowing silver altar of Zin.
  2913 | D:3      | Found Zin's Purification Station.
  3424 | D:4      | Reached skill level 5 in Earth Magic
  3621 | D:4      | Found a transporter.
  3623 | D:4      | Reached skill level 6 in Spellcasting
  3623 | D:4      | Reached XP level 6. HP: 32/32 MP: 13/17
  3909 | D:4      | Found a transporter.
  3911 | D:4      | Noticed Natasha
  3913 | D:4      | Killed Natasha
  3993 | D:5      | Entered Level 5 of the Dungeon
  3995 | D:5      | Found a blossoming altar of Fedhas.
  4001 | D:5      | Found a stormy altar of Qazlal.
  4066 | D:5      | Noticed a sky beast
  4072 | D:5      | Killed a sky beast
  4193 | D:5      | Found a staircase to the Ecumenical Temple.
  4392 | D:5      | Found a shattered altar of Ashenzari.
  4660 | D:5      | Noticed a hippogriff
  4692 | D:5      | Killed a hippogriff
  4692 | D:5      | Reached skill level 7 in Spellcasting
  4692 | D:5      | Reached XP level 7. HP: 14/36 MP: 2/19
  5222 | D:5      | Learned a level 5 spell: Lee's Rapid Deconstruction
  5228 | D:5      | Learned a level 5 spell: Fireball
  5571 | D:6      | Found Umuecry's Distillery.
  5574 | D:6      | Bought a potion of curing for 36 gold pieces
  5765 | D:6      | Found a white marble altar of Elyvilon.
  5826 | D:6      | Reached skill level 8 in Spellcasting
  5826 | D:6      | Reached XP level 8. HP: 41/41 MP: 18/22
  5896 | D:6      | Reached skill level 5 in Conjurations
  5940 | D:6      | Reached * piety under Vehumet
  5940 | D:6      | Offered knowledge of Sting by Vehumet.
  6366 | D:6      | Noticed Menkaure
  6377 | D:6      | Killed Menkaure
  6377 | D:6      | Reached skill level 9 in Spellcasting
  6555 | D:6      | Found a runed translucent door.
  6556 | D:6      | Found a runed translucent door.
  6729 | D:6      | Found a shimmering blue altar of Sif Muna.
  7128 | D:7      | Got a crude dagger
  7129 | D:7      | Identified the +7 dagger "Newt's Nightmare" {flame, MR-
                  | MP+9 Dex+4} (You found it on level 7 of the Dungeon)
  7219 | D:7      | Reached XP level 9. HP: 45/45 MP: 8/24
  7221 | D:7      | Noticed Harold
  7584 | D:7      | Noticed Pikel
  7591 | D:7      | Killed Pikel
  7591 | D:7      | Reached skill level 10 in Spellcasting
  7701 | D:7      | Learned a level 2 spell: Blink
  7704 | D:7      | Learned a level 2 spell: Call Imp
  7708 | D:7      | Learned a level 3 spell: Mephitic Cloud
  7786 | D:7      | Identified a scroll of acquirement
  7789 | D:7      | Got a polished crystal plate armour
  7800 | D:7      | Identified the +13 crystal plate armour of Fetiale {rCorr
                  | Int+5 Dex+2} (You acquired it on level 7 of the Dungeon)
  7882 | D:7      | Reached skill level 1 in Poison Magic
  7988 | D:8      | Reached skill level 1 in Air Magic
  8139 | D:8      | Noticed Erica
  8143 | D:8      | Killed Erica
  8143 | D:8      | Reached skill level 1 in Fighting
  8550 | D:8      | Found a sparkling altar of Nemelex Xobeh.
  8561 | D:8      | Reached XP level 10. HP: 53/53 MP: 10/26
  8568 | D:8      | Reached ** piety under Vehumet
  8568 | D:8      | Offered knowledge of Throw Frost by Vehumet.
  8820 | D:8      | Found a shimmering blue altar of Sif Muna.
  9167 | D:8      | Noticed a three-headed hydra
  9274 | D:8      | Killed a three-headed hydra
  9274 | D:8      | Reached skill level 10 in Earth Magic
  9784 | D:9      | You fall into a shaft and drop 2 floors!
  9793 | D:10     | Entered Level 10 of the Dungeon
  9809 | D:10     | Reached skill level 5 in Fighting
  9809 | D:10     | Reached skill level 10 in Conjurations
 10195 | D:9      | Found a shadowy altar of Dithmenos.
 10197 | D:9      | Offered knowledge of Ignite Poison by Vehumet.
 10237 | D:9      | Found a staircase to the Lair.
 10363 | D:9      | Reached XP level 11. HP: 64/64 MP: 11/27
 10603 | D:9      | Found a snail-covered altar of Cheibriados.
 10604 | D:9      | Noticed Grum
 10624 | D:9      | Killed Grum
 10843 | D:9      | Got a dazzling ring mail
 10854 | D:9      | Identified the cursed +0 ring mail "Wixtem" {Int+2} (You
                  | found it on level 9 of the Dungeon)
 10891 | D:9      | Reached *** piety under Vehumet
 11427 | D:10     | Noticed Gastronok
 11463 | D:10     | Killed Gastronok
 12022 | D:11     | Offered knowledge of Fulminant Prism by Vehumet.
 12853 | D:11     | Reached skill level 5 in Dodging
 13554 | Lair:1   | Entered Level 1 of the Lair of Beasts
 14162 | Lair:1   | Reached skill level 5 in Fire Magic
 14506 | Lair:2   | Reached **** piety under Vehumet
 14608 | Lair:2   | Got a scorched marble ring
 14777 | Lair:2   | Noticed a seven-headed hydra
 14783 | Lair:2   | Killed a seven-headed hydra
 14862 | Lair:2   | Found a staircase to the Snake Pit.
 14989 | Lair:2   | Offered knowledge of Yara's Violent Unravelling by Vehumet.
 15146 | Lair:2   | Found a basalt altar of Yredelemnul.
 15270 | Lair:2   | Noticed a fire dragon
 15765 | Lair:2   | Identified the ring of the Black Skies {rF++ Int+4} (You
                  | found it on level 2 of the Lair of Beasts)
 15988 | D:4      | Reached XP level 12. HP: 70/70 MP: 28/28
 16149 | D:7      | Killed Harold
 16327 | Lair:3   | Noticed a six-headed hydra
 16331 | Lair:3   | Killed a six-headed hydra
 16524 | Lair:3   | Reached skill level 10 in Fire Magic
 16707 | Lair:3   | Reached skill level 1 in Evocations
 17381 | Lair:3   | Found a staircase to the Shoals.
 17603 | Lair:4   | Reached skill level 11 in Spellcasting
 18599 | Lair:5   | Noticed Sonja
 18602 | Lair:5   | Killed Sonja
 19029 | Lair:5   | Reached XP level 13. HP: 47/76 MP: 8/30
 19030 | Lair:5   | Reached ***** piety under Vehumet
 19215 | Lair:5   | Reached skill level 12 in Spellcasting
 19613 | Lair:5   | Offered knowledge of Iron Shot by Vehumet.
 19631 | Lair:5   | Learned a level 6 spell: Iron Shot
 19915 | Lair:5   | Found a staircase to the Slime Pits.
 20041 | Lair:6   | Entered Level 6 of the Lair of Beasts
 20787 | Lair:6   | Reached skill level 13 in Spellcasting
 21120 | Lair:6   | Reached skill level 10 in Dodging
 21905 | Lair:6   | Got a bound brass ring
 21907 | Lair:6   | Identified the ring of Goloti {rPois MR+} (You found it on
                  | level 6 of the Lair of Beasts)
 22173 | D:11     | Found an opulent altar of Gozag.
 22268 | D:11     | Reached skill level 14 in Spellcasting
 22506 | D:11     | Reached XP level 14. HP: 86/86 MP: 29/34
 22685 | D:11     | Offered knowledge of Bolt of Magma by Vehumet.
 22845 | D:11     | Got a pearl-encrusted scale mail
 23171 | D:11     | Identified the +0 scale mail of Inference {Str+3} (You
                  | found it on level 11 of the Dungeon)
 23316 | D:12     | Noticed Josephine
 23324 | D:12     | Killed Josephine
 23917 | D:12     | Found a blossoming altar of Fedhas.
 23996 | D:12     | Found a portal to a secret trove of treasure.
 24033 | D:12     | Found a staircase to the Orcish Mines.
 24792 | Orc:1    | Entered Level 1 of the Orcish Mines
 24803 | Orc:1    | Reached skill level 15 in Spellcasting
 24807 | Orc:1    | Reached skill level 10 in Fighting
 25247 | Orc:2    | Entered Level 2 of the Orcish Mines
 25248 | Orc:2    | Reached skill level 1 in Summonings
 25250 | Orc:2    | Reached skill level 1 in Translocations
 25517 | Orc:2    | Found a staircase to the Elven Halls.
 27231 | Orc:2    | Found Keut's Book Emporium.
 27231 | Orc:2    | Found Qaicomaw's Book Shop.
 27233 | Orc:2    | Found Isad's Weapon Emporium.
 27233 | Orc:2    | Found Wujic's Antique Armour Shop.
 27253 | Orc:2    | Bought a polished ring mail for 252 gold pieces
 27263 | Orc:2    | Identified the cursed +1 ring mail of Claustrophobia
                  | {*Contam Str+4 Int+2 SInv} (You bought it in a shop on
                  | level 2 of the Orcish Mines)
 27793 | Orc:1    | Reached skill level 5 in Summonings
 28490 | D:13     | Found a runed translucent door.
 28490 | D:13     | Noticed Mirut's ghost (journeyman HOBe)
 28775 | D:13     | Found a stormy altar of Qazlal.
 29340 | D:14     | Offered knowledge of Orb of Destruction by Vehumet.
 29582 | D:14     | Found Dothosm's Gadget Boutique.
 29861 | D:14     | Reached XP level 15. HP: 92/92 MP: 15/36
 30307 | D:14     | Learned a level 7 spell: Orb of Destruction
 30470 | D:14     | Found a gate to the Vaults.
 31459 | D:15     | Entered Level 15 of the Dungeon
 31632 | D:14     | Upgraded the game from 0.25-a0-105-g2289b3b9f1 to
                  | 0.25-a0-166-g16436c4407
 32301 | D:15     | Reached skill level 15 in Conjurations
 32945 | D:15     | Found a staircase to the Depths.
 33498 | Snake:1  | Entered Level 1 of the Snake Pit
 33501 | Snake:1  | Reached skill level 1 in Shields
 33586 | Snake:1  | Offered knowledge of Iskenderun's Battlesphere by Vehumet.
 35324 | Snake:2  | Noticed a nagaraja
 35327 | Snake:2  | Killed a nagaraja
 35700 | Snake:2  | Reached XP level 16. HP: 100/100 MP: 24/37
 36272 | Snake:2  | Found a runed translucent door.
 36436 | Snake:3  | Noticed Louise
 36613 | Snake:3  | Noticed Mara
 36619 | Snake:3  | Noticed EnegeticOcto's illusion
 36623 | Snake:2  | Killed Mara
 36855 | Snake:3  | Noticed Aizul
 36856 | Snake:3  | Noticed Vashnia
 37124 | Snake:3  | Killed Vashnia
 37189 | Snake:3  | Learned a level 2 spell: Swiftness
 37193 | Snake:3  | Learned a level 3 spell: Regeneration
 37204 | Snake:3  | Killed Aizul
 37591 | Snake:3  | Killed Louise
 37896 | Snake:3  | Reached skill level 16 in Spellcasting
 38634 | Snake:4  | Entered Level 4 of the Snake Pit
 38665 | Snake:4  | Offered knowledge of Conjure Ball Lightning by Vehumet.
 38897 | Snake:4  | Reached skill level 17 in Spellcasting
 39773 | Snake:4  | Reached skill level 18 in Spellcasting
 39776 | Snake:4  | Reached XP level 17. HP: 95/108 MP: 11/41
 40235 | Snake:4  | Reached ****** piety under Vehumet
 40716 | Snake:4  | Reached skill level 19 in Spellcasting
 41148 | Snake:4  | Got a serpentine rune of Zot
 41369 | Shoals:1 | Entered Level 1 of the Shoals
 41372 | Shoals:1 | Found a shimmering altar of Xom.
 41884 | Shoals:1 | Noticed Donald
 41887 | Shoals:1 | Killed Donald
 41949 | Shoals:1 | Reached skill level 20 in Spellcasting
 42520 | Shoals:1 | Offered knowledge of Poison Arrow by Vehumet.
 43587 | Shoals:2 | Noticed Nikola
 43826 | Shoals:2 | Identified the +5 hunting sling "Mitsi" {velocity, MP+9
                  | Stlth+}
 44125 | Shoals:2 | Killed Nikola
 45368 | Shoals:4 | Entered Level 4 of the Shoals
 45390 | Shoals:4 | Noticed a kraken
 45793 | Shoals:4 | Reached XP level 18. HP: 116/116 MP: 36/44
 46454 | Shoals:4 | Got a steaming bone amulet
 46853 | Shoals:4 | Identified the amulet "Sowaiz" {-Tele MR+ Regen+ Dex+4}
                  | (You found it on level 4 of the Shoals)
 47187 | Shoals:4 | Offered knowledge of Bolt of Fire by Vehumet.
 47395 | Shoals:4 | Got a barnacled rune of Zot
 47808 | Vaults:1 | Entered Level 1 of the Vaults
 48052 | Vaults:1 | You fall into a shaft and drop 1 floor!
 48744 | Vaults:1 | Reached skill level 15 in Fighting
 49023 | Vaults:1 | Offered knowledge of Fire Storm by Vehumet.
 49023 | Vaults:1 | Offered knowledge of Glaciate by Vehumet.
 49023 | Vaults:1 | Offered knowledge of Tornado by Vehumet.
 49212 | Vaults:1 | Got a pair of transparent gloves
 49234 | Vaults:1 | Identified the +0 pair of gloves of Articulation {Str+2}
                  | (You found it on level 1 of the Vaults)
 49730 | Vaults:1 | Found With's Armour Shop.
 51638 | Vaults:2 | Reached XP level 19. HP: 94/124 MP: 35/45
 51644 | Vaults:2 | Reached skill level 5 in Air Magic
 54339 | Vaults:3 | Noticed Mennas
 54369 | Vaults:3 | Reached skill level 21 in Spellcasting
 54634 | Vaults:3 | Found Menidgh Ines's Jewellery Shoppe.
 54727 | Vaults:1 | Learned a level 1 spell: Apportation
 54850 | Elf:1    | Entered Level 1 of the Elven Halls
 55138 | Elf:1    | Reached skill level 10 in Air Magic
 55520 | Elf:1    | Noticed Agnes
 55590 | Elf:1    | Killed Agnes
 56086 | Elf:1    | Found Lish's Armour Shop.
 56172 | Elf:1    | Found Golaqeg's General Store.
 56185 | Elf:1    | Bought a wand of digging (4) for 272 gold pieces
 56549 | Elf:1    | Reached XP level 20. HP: 129/129 MP: 39/47
 56959 | Elf:1    | Noticed Roxanne
 56964 | Elf:1    | Killed Roxanne
 57711 | Elf:2    | Found a runed translucent gate.
 57711 | Elf:2    | Found a runed translucent gate.
 57711 | Elf:2    | Found a runed translucent gate.
 57788 | Elf:3    | Entered Level 3 of the Elven Halls
 58007 | Elf:3    | Found an ancient bone altar of Kikubaaqudgha.
 58142 | Elf:3    | Reached skill level 22 in Spellcasting
 58699 | Elf:3    | Found Bexton's Magic Scroll Emporium.
 58702 | Elf:3    | Bought a scroll of teleportation for 51 gold pieces
 58702 | Elf:3    | Bought a scroll of teleportation for 51 gold pieces
 59084 | Elf:3    | Identified the +6 trident of the Spheres {holy, rElec rC+
                  | MR- Str+2}
 59221 | Elf:3    | Noticed Asterion
 59228 | Elf:3    | Killed Asterion
 59499 | Elf:3    | Identified the +1 plate armour of Divine Intervention
                  | {rPois rN++}
 59537 | Elf:3    | Identified the +5 long sword of Woc Tuij {drain, rN+ MR-
                  | SInv}
 60032 | Elf:3    | Identified The Second Course in Magic
 60058 | Elf:3    | Identified the Almanac of Poisoning
 60122 | Elf:3    | Identified the Reference Book on Shape Shifting
 60384 | Orc:2    | Bought a book of Enchantments for 600 gold pieces
 60384 | Orc:2    | Bought Sif Muna's Guide on the Mutagenic Arsonist for 684
                  | gold pieces
 60391 | Orc:2    | Learned a level 5 spell: Irradiate
 60398 | Orc:2    | Learned a level 6 spell: Deflect Missiles
 60408 | Orc:2    | Learned a level 9 spell: Tornado
 60629 | Vaults:3 | Reached skill level 1 in Charms
 61060 | Vaults:3 | Noticed Margery
 61439 | Vaults:3 | Reached skill level 5 in Charms
 61439 | Vaults:3 | Reached skill level 15 in Air Magic
 61513 | Vaults:3 | Killed Margery
 61513 | Vaults:3 | Reached XP level 21. HP: 134/134 MP: 28/49
 61678 | Vaults:3 | Killed Mennas
 62656 | Vaults:3 | Reached skill level 23 in Spellcasting
 62818 | Vaults:3 | Found a staircase to the Crypt.
 63090 | Vaults:4 | Found Buatwosa's Food Emporium.
 63389 | Vaults:4 | Learned a level 4 spell: Summon Lightning Spire
 65168 | Depths:1 | Entered Level 1 of the Depths
 65814 | Depths:1 | Found a shimmering altar of Xom.
 65816 | Depths:1 | Found a blossoming altar of Fedhas.
 65816 | Depths:1 | Found an ancient bone altar of Kikubaaqudgha.
 65818 | Depths:1 | Found a glowing silver altar of Zin.
 65818 | Depths:1 | Found a bloodstained altar of Trog.
 65818 | Depths:1 | Found a radiant altar of Vehumet.
 66160 | Depths:1 | Found a runed translucent door.
 66548 | Depths:1 | Found a runed translucent door.
 66569 | Depths:1 | Noticed an ancient lich
 66582 | Depths:1 | Noticed Quigu Zupne's ghost (journeyman SpBe)
 66916 | Depths:1 | Found a one-way gate to the infinite horrors of the Abyss.
 67455 | Depths:1 | Found a gateway to Hell.
 68283 | Depths:2 | Reached skill level 24 in Spellcasting
 68283 | Depths:2 | Reached XP level 22. HP: 140/140 MP: 39/52
 69038 | Depths:2 | Found the +2 pair of boots of the Assassin {Detection Stab+
                  | Stlth++}
 69270 | Depths:2 | Found a gateway to a ziggurat.
 69869 | Depths:2 | Noticed a juggernaut
 69886 | Depths:2 | Killed a juggernaut
 70241 | Depths:2 | Found a hide-covered altar of Uskayaw.
 71967 | Depths:4 | Noticed Frederick
 73477 | Depths:3 | Reached XP level 23. HP: 129/144 MP: 25/53
 73893 | Depths:3 | Found a one-way gate leading to the halls of Pandemonium.
 73976 | Depths:3 | You fall into a shaft and drop 2 floors!
 73976 | Depths:5 | Entered Level 5 of the Depths
 74103 | Depths:4 | Reached skill level 25 in Spellcasting
 74600 | Depths:3 | Noticed an ancient lich
 74606 | Depths:4 | Killed an ancient lich
 74715 | Depths:4 | Killed Frederick
 75707 | Depths:4 | Found a transporter.
 75844 | Depths:4 | Found a transporter.
 76008 | Depths:4 | Noticed a juggernaut
 76015 | Depths:4 | Killed a juggernaut
 76752 | Depths:4 | Got a translucent bronze ring
 76764 | Depths:4 | Got a flickering crystal amulet
 76768 | Depths:4 | Identified the ring "Ymotixt" {rElec Str+2 Dex+6} (You
                  | found it on level 4 of the Depths)
 76769 | Depths:4 | Identified the amulet of the Fortune-Teller {Inacc rF-
                  | rN++} (You found it on level 4 of the Depths)
 76792 | Depths:4 | Got a twitching iron ring
 76795 | Depths:4 | Identified the ring "Cas Couf" {AC+6 Dex+4} (You found it
                  | on level 4 of the Depths)
 76824 | Depths:5 | Noticed a caustic shrike
 76826 | Depths:5 | Noticed a caustic shrike
 76826 | Depths:5 | Noticed a caustic shrike
 77412 | Depths:5 | Reached XP level 24. HP: 147/153 MP: 13/54
 77983 | Depths:5 | HP: 3/154 [caustic shrike (35)]
 77983 | Depths:5 | Splashed by a caustic shrike's acid

Levels and vault maps discovered:
D:1:      elethiomel_arrival_shortcut, layout_rooms
D:2:      kennysheep_big_flooded_room, layout_loops_cross, okawaru_gym_becter,
          bloody_trog, nicolae_ru_path_of_blood
D:3:      layout_loops_ring, vehumet_crystals, zin_purify, first_ration
D:4:      gammafunk_cloud_chamber, layout_basic, minmay_distorted, uniq_natasha
D:5:      layout_basic, grunt_temple_overflow_forces_of_nature,
          cheibrodos_ashenzari_chains, minmay_temple_entry_offerings
D:6:      lemuel_insect_pit, layout_basic, lemuel_crystal_altar, serial_shops,
          nicolae_shop_behind_doors, led_sif_pool, uniq_menkaure
D:7:      layout_gridville, uniq_pikel, uniq_harold
D:8:      layout_loops_ring, nemelex_xobeh_ov_fountains_minmay,
          lemuel_crystal_altar, hangedman_ranch [blue_anna_fruit_fields],
          kennysheep_generic_room_4, uniq_erica
D:9:      layout_basic, grunt_dithmenos_shadows, cheibriados_altar_1,
          dpeg_oklobed_lair, kennysheep_generic_room_3, uniq_grum
D:10:     layout_long_grid, uniq_gastronok
D:11:     minmay_wavy_crystal, layout_cave_pools, grunt_gozag_statues
D:12:     layout_roguey, minmay_orc_entry_guard_dogs,
          nicolae_trove_entry_crossroad, tgw_fedhas, uniq_josephine
D:13:     layout_rooms, serial_glass, glass_columns_a, glass_columns_b,
          item_on_display_a, feat_on_display, item_on_display_a,
          ebering_ghost_inner_flame, grunt_qazlal_sundering
D:14:     layout_irregular_city, grunt_vaults_entry_fortified, serial_shops,
          shop, portal_ice_cave_rime, grunt_ministairs_12
D:15:     hangedman_depths_entry_try_elsewhere_first, layout_cross
Lair:1:   layout_long_grid, grunt_megastairs_5, infiniplex_staircase_pool
Lair:2:   dragon1_lemuel, layout_long_grid, dummy_snake_entry, basic_altar,
          beast_lair_carwin_4, grunt_megastairs_2
Lair:3:   layout_chaotic_city, elwin_shoals_entry_rooms, beast_lair_carwin_11
Lair:4:   layout_gridlike, grunt_megastairs_4
Lair:5:   layout_small_grid, dpeg_slime_entry_corner, nzn_random_ring,
          infiniplex_staircase_pool_2, lemuel_fruit_fields, grunt_megastairs_3,
          minmay_lair_oklob_chamber, uniq_sonja
Lair:6:   grunt_lair_end_beastmaster, layout_regular_city,
          grunt_forest_small_clearings, lemuel_fruit_fields
Shoals:1: layout_shoals, lemuel_altar_in_water, uniq_donald
Shoals:2: layout_shoals, uniq_nikola
Shoals:3: layout_shoals
Shoals:4: shoals_end_hangedman, layout_shoals, ldierk_geyser,
          nicolae_shoals_circle_sea_wall
Snake:1:  layout_onion, grunt_ministairs_8, nrook_guardian_serpent_ordinary
Snake:2:  layout_layer_cave, lightli_airlock
Snake:3:  layout_cave_town, grunt_ministairs_10, uniq_aizul, uniq_louise,
          uniq_vashnia, uniq_mara
Snake:4:  minmay_snake_end_coiled, layout_rooms
Orc:1:    layout_caves
Orc:2:    grunt_orc_tribal_feast, layout_diamond_mine
Elf:1:    minmay_elf_arrival_summoners, layout_loops_cross, minivault_28,
          minmay_shoptagon, uniq_roxanne, uniq_agnes
Elf:2:    layout_geoelf_octagon
Elf:3:    minmay_elf_hall_not_hex, layout_loops_cross, serial_shops, shop,
          basic_altar, uniq_asterion
Vaults:1: v_rooms_4, vaults_room_grunt_arrival_ludios, v_misc_29,
          nicolae_vaults_little_squares_4, vaults_room_pool,
          hangedman_vaults_nails, vaults_room_fours, vaults_room_corners,
          layout_vaults_quadrants, serial_shops, shop
Vaults:2: kb_rosetta, grunt_vaults_swirl, v_misc_32, ontoclasm_vaults_shuriken,
          hangedman_vaults_trim, ontoclasm_vaults_spin,
          nicolae_vaults_rhombus_6, vaults_room_grid, hangedman_vaults_nails,
          dpeg_vaults_monster_box, vaults_dpeg_encased_lava,
          layout_vaults_omnicross
Vaults:3: minmay_crypt_entry_simple_walls, grunt_vaults_hallway_short,
          v_pattern_5, nicolae_vaults_specimen_jars, hangedman_vaults_stagger,
          v_misc_12, nicolae_vaults_angled_halls, dpeg_vaults_monster_row,
          nicolae_vaults_little_squares_6, vaults_mumra_hex,
          hangedman_vaults_stretched_pinwheel, hangedman_vaults_maws,
          nicolae_vaults_asterisk, ontoclasm_vaults_loading_screen,
          layout_vaults_chaotic_city, serial_shops, shop, uniq_margery,
          uniq_mennas
Vaults:4: vaults_room_large_hall, hangedman_vaults_maws, v_alt_pattern_6,
          v_pattern_1, nicolae_vaults_border_crossing, ontoclasm_vaults_tryst,
          v_misc_27, nicolae_vaults_windows_and_doors_thing,
          ontoclasm_vaults_pinch, v_misc_17, v_misc_16, vaults_room_pools,
          layout_vaults_ring, serial_shops, nicolae_shop_crystal
Depths:1: layout_gridlike, muffindrake_ghost_dual_entry,
          chequers_decorated_corner, serial_bayou, serial_bayou_lake_a,
          serial_bayou_shore_b, serial_bayou_pond_a, serial_bayou_crossing,
          minmay_room_of_horrors, pf_vacation_house_of_asmodeus,
          corexii_hall_statues_deadend, minmay_holes, interstate_on_off,
          hangedman_abyss_or_decor_clamps, hangedman_glass_garden,
          doesnt_xom_only_xom
Depths:2: evilmike_pillar_path, layout_gridlike, enter_ziggurat_c, abyss_entry,
          kennysheep_flooded_box, grunt_hell_horde, hangedman_glass_teeth,
          infiniplex_staircase_spiral
Depths:3: lemuel_river_lethe, pan_entry, hell_entry
Depths:4: gammafunk_dig_for_victory, layout_small_grid, hell_entry, abyss_entry,
          uniq_frederick
Depths:5: grunt_x_marks_the_spot, layout_cave_pools, hell_entry,
          kennysheep_doodads, grunt_pan_entry_spiral, minmay_misc_feat_alley

Skill      XL: |  1  2  3  4  5  6  7  8  9 10 11 12 13 14 15 16 17 18 19 20 21 22 23 24 |
---------------+-------------------------------------------------------------------------+-----
Stealth        | 3 |  3.4
Spellcasting   | 4 5 6 7 8 9 10 11 14 15 18 20 21 22 24 25 | 25.9
Earth Magic    | 4 5 6 8 9 10 | 10.2
Conjurations   | 1 3 4 6 8 10 12 15 | 15.2
Poison Magic   | 3 |  3.1
Air Magic      | 2 4 11 15 19 21 22 | 22.0
Fighting       | 2 5 6 7 9 10 11 13 14 15 16 | 16.4
Armour         | 4 |  4.0
Dodging        | 5 7 10 11 13 14 | 14.2
Fire Magic     | 8 10 11 14 | 14.5
Evocations     | 4 |  4.1
Summonings     | 5 |  5.0
Translocations | 3 |  3.0
Shields        | 4 |  4.0
Charms         | 5 8 |  8.0
Transmutations | |  1.1

Action                   |  1- 3 |  4- 6 |  7- 9 | 10-12 | 13-15 | 16-18 | 19-21 | 22-24 || total
-------------------------+-------+-------+-------+-------+-------+-------+-------+-------++-------
Melee: Dagger            |    30 |    59 |     7 |       |       |       |       |       ||    96
       Staff             |       |       |       |     5 |    13 |       |     1 |    11 ||    30
 Cast: Sandblast         |    37 |    11 |    15 |    65 |    26 |       |       |       ||   154
       Stone Arrow       |       |    52 |   111 |   209 |    78 |       |       |       ||   450
       Lee's Rapid Decon |       |       |     6 |    50 |    64 |     9 |    35 |    46 ||   210
       Fireball          |       |       |       |    14 |   295 |   470 |   341 |   137 ||  1257
       Iron Shot         |       |       |       |       |   104 |   130 |   328 |   238 ||   800
       Passwall          |       |       |       |       |     4 |       |       |       ||     4
       Orb of Destructio |       |       |       |       |     2 |     2 |     5 |    11 ||    20
       Blink             |       |       |       |       |       |     3 |     1 |     1 ||     5
       Call Imp          |       |       |       |       |       |     3 |       |       ||     3
       Mephitic Cloud    |       |       |       |       |       |     1 |       |       ||     1
       Deflect Missiles  |       |       |       |       |       |       |     5 |     1 ||     6
       Irradiate         |       |       |       |       |       |       |     4 |     3 ||     7
       Summon Lightning  |       |       |       |       |       |       |     2 |     7 ||     9
       Tornado           |       |       |       |       |       |       |     1 |    19 ||    20
Evoke: Wand              |       |       |       |    11 |    27 |    18 |     8 |     3 ||    67
  Use: Scroll            |     3 |     6 |     8 |    12 |     7 |     9 |    12 |    13 ||    70
       Potion            |       |       |       |     3 |       |     2 |     1 |     8 ||    14
 Stab: Sleeping          |     3 |     6 |     2 |       |       |       |       |       ||    11
  Eat: Chunk             |     9 |    12 |    14 |    37 |    24 |    24 |    40 |    11 ||   171
       Ration            |       |       |       |       |     8 |     8 |     3 |     6 ||    25
Armor: Robe              |     2 |     8 |     5 |    36 |     3 |       |       |       ||    54
       Skin              |       |       |       |     2 |       |       |       |       ||     2
       Ring mail         |       |       |       |       |    17 |    24 |    26 |    39 ||   106
Dodge: Dodged            |    22 |    40 |    21 |   103 |    84 |    71 |    59 |   138 ||   538
       Deflected         |       |       |       |       |       |       |    17 |    25 ||    42
Block: Other             |       |       |       |       |    11 |       |       |       ||    11
       Reflection        |       |       |       |       |     2 |    18 |    25 |     9 ||    54
       Buckler           |       |       |       |       |     5 |    49 |    48 |    79 ||   181

Table legend:
 A = Non-vault XP
 B = Vault XP
 C = Vault XP percentage of total XP
 D = Non-vault monster count
 E = Vault monster count
 F = Vault count percentage of total count
                 A         B        C        D         E       F
            +---------+---------+-------+---------+---------+-------
      Total |  527922 |  483033 |  47.8 |    1159 |     595 |  33.9
            +---------+---------+-------+---------+---------+-------
        D:1 |      28 |       0 |   0.0 |      12 |       0 |   0.0
        D:2 |      92 |       3 |   3.2 |      22 |       2 |   8.3
        D:3 |     151 |       0 |   0.0 |      19 |       0 |   0.0
        D:4 |     116 |     647 |  84.8 |      13 |       5 |  27.8
        D:5 |     526 |       0 |   0.0 |      14 |       0 |   0.0
        D:6 |    1424 |     169 |  10.6 |      26 |       1 |   3.7
        D:7 |     706 |    1587 |  69.2 |      22 |       2 |   8.3
        D:8 |    1599 |    3034 |  65.5 |      31 |       9 |  22.5
        D:9 |    1553 |     431 |  21.7 |      12 |       4 |  25.0
       D:10 |    2365 |    2421 |  50.6 |      38 |       1 |   2.6
       D:11 |    6435 |    1457 |  18.5 |      41 |       3 |   6.8
       D:12 |    3314 |    2224 |  40.2 |      16 |       7 |  30.4
       D:13 |    6395 |       0 |   0.0 |      29 |       0 |   0.0
       D:14 |   13979 |    7630 |  35.3 |      44 |      14 |  24.1
       D:15 |   12954 |    1296 |   9.1 |      28 |       3 |   9.7
     Lair:1 |     862 |     400 |  31.7 |       4 |       3 |  42.9
     Lair:2 |    3327 |     671 |  16.8 |      13 |       5 |  27.8
     Lair:3 |    6097 |     732 |  10.7 |      20 |       4 |  16.7
     Lair:4 |    3081 |     176 |   5.4 |      12 |       1 |   7.7
     Lair:5 |    4613 |    5461 |  54.2 |      14 |      14 |  50.0
     Lair:6 |    9375 |    7941 |  45.9 |      30 |      15 |  33.3
   Shoals:1 |   14153 |    2080 |  12.8 |      32 |       1 |   3.0
   Shoals:2 |   16743 |    3873 |  18.8 |      33 |       1 |   2.9
   Shoals:3 |    7955 |       0 |   0.0 |      16 |       0 |   0.0
   Shoals:4 |   15894 |   16947 |  51.6 |      28 |      29 |  50.9
    Snake:1 |   10879 |    2265 |  17.2 |      20 |       4 |  16.7
    Snake:2 |   11723 |    7243 |  38.2 |      21 |       1 |   4.5
    Snake:3 |   15735 |   12520 |  44.3 |      23 |       9 |  28.1
    Snake:4 |   20546 |   24340 |  54.2 |      34 |      40 |  54.1
      Orc:1 |    7482 |       0 |   0.0 |      39 |       0 |   0.0
      Orc:2 |    4374 |    6601 |  60.1 |      21 |      26 |  55.3
      Elf:1 |   25858 |   16493 |  38.9 |      41 |      20 |  32.8
      Elf:2 |   11452 |     886 |   7.2 |      18 |       1 |   5.3
      Elf:3 |   17511 |   53025 |  75.2 |      26 |      35 |  57.4
   Vaults:1 |   15788 |   19844 |  55.7 |      31 |      33 |  51.6
   Vaults:2 |   27865 |   27252 |  49.4 |      64 |      38 |  37.3
   Vaults:3 |   27444 |   52209 |  65.5 |      38 |      47 |  55.3
   Vaults:4 |   13523 |   29519 |  68.6 |      19 |      26 |  57.8
   Depths:1 |   41862 |    3037 |   6.8 |      56 |      15 |  21.1
   Depths:2 |   32783 |   29856 |  47.7 |      42 |      31 |  42.5
   Depths:3 |    5151 |   59712 |  92.1 |       4 |     108 |  96.4
   Depths:4 |   65789 |   61033 |  48.1 |      57 |      28 |  32.9
   Depths:5 |   38420 |   18018 |  31.9 |      36 |       9 |  20.0
            +---------+---------+-------+---------+---------+-------
